 Dungeon Crawl Stone Soup version 0.28-a0-973-ga7f8b01127 (webtiles) character file.

Game seed: 974605080108511692

91 bearlyready the Firebug (level 4, -2/24 HPs)
             Began as a Deep Elf Fire Elementalist on Dec 1, 2021.
             Killed by divine providence
             ... invoked by an orc priest
              (15 damage)
             ... on level 3 of the Dungeon.
             The game lasted 00:04:27 (2120 turns).

bearlyready the Firebug (DEFE)                      Turns: 2120, Time: 00:04:27

Health: -2/24      AC:  2    Str:  5    XL:     4   Next: 33%
Magic:  6/10       EV: 12    Int: 28    God:
Gold:   19         SH:  0    Dex: 15    Spells: 8/9 levels left

rFire   . . .      SeeInvis .   d - +0 dagger
rCold   . . .      Faith    .   (no shield)
rNeg    . . .      Spirit   .   a - +0 robe
rPois   .          Reflect  .   (no helmet)
rElec   .          Harm     .   (no cloak)
rCorr   .          Rampage  .   (no gloves)
Will    .....                   (no boots)
Stlth   ++........              (no amulet)
HPRegen 0.08/turn               i - +6 ring of intelligence
MPRegen 0.12/turn               (no ring)

@: no status effects
A: no striking features
a: no special abilities


You were on level 3 of the Dungeon.
You visited 1 branch of the dungeon, and saw 3 of its levels.

You collected 79 gold pieces.
You spent 60 gold pieces at shops.

Inventory:

Hand Weapons
 d - a +0 dagger (weapon)
Missiles
 e - 137 stones
 f - 16 sling bullets
Armour
 a - a +0 robe (worn)
Jewellery
 i - a +6 ring of intelligence (left hand)
Scrolls
 b - a scroll of silence {unknown}
 c - 4 scrolls of identify {unknown}
 g - a scroll of noise {unknown}
 j - a scroll of magic mapping {unknown}
 m - a scroll of teleportation {unknown}
Potions
 h - 2 potions of heal wounds
 k - 3 potions of curing {unknown}
 l - a potion of cancellation {unknown}


   Skills:
 - Level 2.4 Dodging
 - Level 2.4 Stealth
 - Level 3.0 Spellcasting
 + Level 3.3 Conjurations
 + Level 4.6 Fire Magic


You had 8 spell levels left.
You knew the following spells:

 Your Spells              Type           Power      Damage    Failure   Level
a - Foxfire               Conj/Fire      100%       2x1d9     1%          1

Your spell library contained the following spells:

 Spells                   Type           Power      Damage    Failure   Level
 Scorch                   Fire           60%        2d8       1%          2
 Conjure Flame            Conj/Fire      26%        6-21      4%          3
 Inner Flame              Hex/Fire       17%        N/A       10%         3
 Flame Wave               Conj/Fire      26%        2d6       16%         4


Dungeon Overview and Level Annotations

Branches:
Dungeon (3/15)

Altars:
Makhleb

Shops:
D:2 !

Annotations:
D:3 Sigmund


Message History

The hobgoblin shouts!
The endoplasm quivers.
You hear a shout! x2
The foxfire hits the hobgoblin.
You kill the hobgoblin!
An orc priest comes into view. It is wielding a +0 falchion.
You hear an angry hiss.
An orc comes into view. It is wielding a +0 dagger.
A frilled lizard comes into view.
Casting: Foxfire (safe; 1% risk of failure)
Press: ? - help, Q - select action, (/) - cycle Dir - look around, f - activate You conjure some foxfire!
Casting: Foxfire (safe; 1% risk of failure)
Press: ? - help, Q - select action, (/) - cycle Dir - look around, f - activate You conjure some foxfire!
The foxfire hits the orc priest!
The orc priest is heavily wounded.
The foxfire hits the orc priest.
The orc priest is severely wounded.
An orc priest comes into view. It is wielding a +0 club.
Casting: Foxfire (safe; 1% risk of failure)
Press: ? - help, Q - select action, (/) - cycle Dir - look around, f - activate You conjure some foxfire!
The foxfire hits the endoplasm.
The endoplasm is lightly wounded.
The foxfire hits the endoplasm.
You kill the endoplasm!
The orc priest mumbles some strange prayers to Beogh against you.
Beogh smites you!
The foxfire hits the orc!
You kill the orc!
Casting: Foxfire (safe; 1% risk of failure)
Press: ? - help, Q - select action, (/) - cycle Dir - look around, f - activate You conjure some foxfire!
The foxfire hits the orc priest.
The orc priest is almost dead.
The orc priest barely misses you.
The orc priest mumbles some strange prayers to Beogh against you.
Beogh smites you!
Ouch! That really hurt!
You die...

#...... #...... .
#...... .. #...... ...
#...... .o.^ ###+#......
..... #..........
....l.########....##....
......o@v....'....##....
......)v§†####....##....
.......§.†# #....##....
###+#.....# #....##....
#.....# #######....
#.....# #.... .......#
##### ###....#


You could see 2 orc priests and a frilled lizard.

Vanquished Creatures
  An adder (D:2)
  An ufetubus (D:3)
  2 worms
  A dart slug (D:2)
  An orc (D:3)
  4 ball pythons
  5 bats
  8 endoplasms
  6 giant cockroaches
  8 goblins
  9 hobgoblins
  3 kobolds
  3 frilled lizards
  9 rats
61 creatures vanquished.

Vanquished Creatures (others)
  178 foxfires
178 creatures vanquished.

Grand Total: 239 creatures vanquished

Notes
Turn   | Place    | Note
-------+----------+-------------------------------------------
     0 | D:1      | bearlyready the Deep Elf Fire Elementalist began the quest
                  | for the Orb.
     0 | D:1      | Reached XP level 1. HP: 10/10 MP: 6/6
   213 | D:1      | Reached XP level 2. HP: 15/15 MP: 4/8
   361 | D:1      | Reached skill level 4 in Fire Magic
   584 | D:1      | Reached XP level 3. HP: 19/19 MP: 6/9
  1212 | D:2      | Found a faded altar of an unknown god.
  1334 | D:2      | Found Ceatomp's Distillery.
  1350 | D:2      | Bought a potion of heal wounds for 60 gold pieces
  1472 | D:2      | Found a burning altar of Makhleb.
  1557 | D:3      | Noticed Sigmund
  1564 | D:3      | Reached XP level 4. HP: 24/24 MP: 4/10
  2120 | D:3      | Killed from afar by an orc priest

Illustrated notes

Levels and vault maps discovered:
D:1:      dpeg_arrival_shrine, layout_rooms, patterned_corridor
D:2:      layout_basic, serial_shops, nicolae_shop_crystal, basic_altar,
          dreamdust_ecumenical_altar_statues
D:3:      layout_basic, uniq_sigmund

Skill      XL: |  1  2  3 |
---------------+----------+-----
Conjurations   | 2 3 |  3.3
Fire Magic     | 4 |  4.6
Dodging        | |  2.4
Stealth        | |  2.4
Spellcasting   | |  3.0

Action                   |  1- 3 |  4- 6 || total
-------------------------+-------+-------++-------
Melee: Unarmed           |     1 |       ||     1
       Dagger            |    15 |     2 ||    17
 Cast: Foxfire           |    80 |    27 ||   107
 Stab: Sleeping          |       |     1 ||     1
Armor: Robe              |     7 |     1 ||     8
Dodge: Dodged            |    15 |     1 ||    16

Table legend: (Time is in decaauts)
 A = Elapsed time spent in this place.
 B = Non-inter-level travel time spent in this place.
 C = Inter-level travel time spent in this place.
 D = Time resting spent in this place.
 E = Time spent auto-exploring this place.
 F = Levels seen in this place.
 G = Mean time per level.
                   A        B        C        D        E       F      G
               +--------+--------+--------+--------+--------+-----+--------+
         Total |   2121 |   2051 |     70 |     65 |   1630 |   3 |  707.0 |
       Dungeon |   2121 |   2051 |     70 |     65 |   1630 |   3 |  707.0 |
               +--------+--------+--------+--------+--------+-----+--------+

Top non-repeatable levels by time:
     D:1: 979 daAuts
     D:2: 650 daAuts
     D:3: 491 daAuts
